 Dungeon Crawl Stone Soup version 0.29-a0-838-g385bb11a5b (webtiles) character file.

Game seed: 4046280560686110664

54 hquester1 the Trooper (level 3, 0/33 HPs)
             Began as a Minotaur Fighter on July 13, 2022.
             Slain by Terence
             ... wielding a +4 vorpal hand axe
              (7 damage)
             ... on level 2 of the Dungeon.
             The game lasted 00:03:14 (1181 turns).

hquester1 the Trooper (Minotaur Fighter)            Turns: 1181, Time: 00:03:14

Health: 0/33       AC:  7    Str: 20    XL:     3   Next: 66%
Magic:  2/2        EV:  8    Int:  5    God:
Gold:   126        SH:  8    Dex: 11    Spells: 2/2 levels left

rFire   . . .      SeeInvis .   a - +0 war axe
rCold   . . .      Faith    .   s - +0 kite shield
rNeg    . . .      Spirit   .   b - +0 scale mail
rPois   .          Reflect  .   (helmet restricted)
rElec   .          Harm     .   (no cloak)
rCorr   .          Rampage  .   (no gloves)
Will    .....                   (no boots)
Stlth   ..........              (no amulet)
HPRegen 0.11/turn               (no ring)
MPRegen 0.08/turn               (no ring)

@: no status effects
A: horns 2, retaliatory headbutt
a: no special abilities


You were on level 2 of the Dungeon.
You visited 1 branch of the dungeon, and saw 2 of its levels.

You collected 126 gold pieces.

Inventory:

Hand Weapons
 a - a +0 war axe (weapon)
Armour
 b - a +0 scale mail (worn)
 s - a +0 kite shield (worn)
Scrolls
 e - a scroll of silence {unknown}
 f - 3 scrolls of poison {unknown}
 i - 4 scrolls of teleportation {unknown}
 j - 2 scrolls of identify {unknown}
 k - 2 scrolls of torment {unknown}
 l - a scroll of magic mapping {unknown}
 n - a scroll of brand weapon {unknown}
 p - a scroll of blinking {unknown}
Potions
 d - a potion of might
 g - a potion of degeneration {unknown}
 h - 3 potions of brilliance {unknown}
 m - a potion of mutation {unknown}
 o - a potion of lignification {unknown}
 q - a potion of curing {unknown}
 r - a potion of cancellation {unknown}


   Skills:
 + Level 4.1 Fighting
 + Level 3.1 Axes
 + Level 4.1 Armour
 + Level 1.1 Dodging
 + Level 4.1 Shields


You had 2 spell levels left.
You didn't know any spells.
Your spell library contained the following spells:

 Spells                   Type           Power      Damage    Failure   Level
 Sublimation of Blood     Necr           0%         N/A       100%        2
 Wereblood                Tmut           0%         N/A       100%        2
 Summon Hydra             Summ           0%         N/A       100%        7


Dungeon Overview and Level Annotations

Branches:
Dungeon (2/15)

Altars:

Shops:
D:2 [*!

Annotations:
D:2 Terence


Innate Abilities, Weirdness & Mutations

You have a pair of horns on your head.
You reflexively headbutt those who attack you in melee.


Message History

You block Terence's attack.
You barely miss Terence.
Terence is moderately wounded.
Terence screams, "I want your blood!" You block Terence's attack.
You barely miss Terence.
Terence is moderately wounded.
Terence misses you. Terence looks scornfully at you.
You block Terence's attack.
You hit Terence. You headbutt Terence.
Terence is heavily wounded.
Terence barely misses you. You furiously retaliate!
You headbutt Terence, but do no damage. You closely miss Terence.
Terence is heavily wounded.
Terence barely misses you. You furiously retaliate!
You headbutt Terence. Terence barely misses you. You furiously retaliate!
You headbutt Terence. You hit Terence but do no damage. You headbutt Terence.
Terence is almost dead.
Terence barely misses you.
You barely miss Terence.
Terence is almost dead.
Terence hits you with a +4 vorpal hand axe.
You block Terence's attack.
You closely miss Terence.
Terence is almost dead.
You block Terence's attack.
You closely miss Terence. Your headbutt misses Terence.
Terence is almost dead.
Terence hits you with a +4 vorpal hand axe.
You block Terence's attack.
You hit Terence. Your headbutt misses Terence.
Terence is almost dead.
Terence hits you with a +4 vorpal hand axe.
* * * LOW HITPOINT WARNING * * *
x2 You hit Terence but do no damage.
Your headbutt misses Terence.
Terence is almost dead.
Terence hits you with a +4 vorpal hand axe!
You die...

#.# #.# ##.###..# ##
#####.###.# #...>...#
#.
...)......###.#####.#
#. #####.###.....#
##.############# #.#
#####.#
#...'..#..#..#.. #.#
#.# #..###.##.##...#
#.#
#.######..#..#..#..##
#|#
#.>..##..###.##...##.
#.#
####@####..#..#..##.#
#.#
#.∩@.#.#..###...##.#.
.[#
#..###.###..#..##.#..
...# #.#
#|.#..#####.#..#
#.#.# #.
##.###..##.#..#.
#.#.. .
#...#..##.#..#.#
#.### #
#(#.###..#..#.## .
###..#.....#.##.
#...†###..#.##.)


You could see Terence.

Vanquished Creatures
  2 adders (D:2)
  2 dart slugs (D:2)
  7 bats
  4 endoplasms
  4 giant cockroaches
  A goblin (D:1)
  2 ball pythons
  7 kobolds
  3 rats
32 creatures vanquished.

Vanquished Creatures (others)
  A fungus (D:1)
  2 plants (D:1)
3 creatures vanquished.

Grand Total: 35 creatures vanquished

Notes
Turn   | Place    | Note
-------+----------+-------------------------------------------
     0 | D:1      | hquester1 the Minotaur Fighter began the quest for the Orb.
     0 | D:1      | Reached XP level 1. HP: 19/19 MP: 0/0
   191 | D:1      | Found a faded altar of an unknown god.
   232 | D:1      | Reached XP level 2. HP: 27/27 MP: 1/1
   787 | D:2      | Reached XP level 3. HP: 28/33 MP: 2/2
   924 | D:2      | Reached skill level 1 in Dodging
   967 | D:2      | Found Sojist's Distillery.
  1057 | D:2      | Found Gaylysk's Assorted Antiques.
  1165 | D:2      | Noticed Terence
  1166 | D:2      | Found Seopick's Armour Boutique.
  1181 | D:2      | Slain by Terence

Illustrated notes

Levels and vault maps discovered:
D:1:      minmay_arrival_up_and_down, layout_loops_ring,
          shapermc_ecumenical_altar_mp_ritualfount, minmay_misc_feat_square,
          dreamdust_wishing_well
D:2:      minmay_razor_zed, layout_loops_ring, serial_shops,
          nicolae_diamond_shop, nicolae_lakefront_shop, shop, shop,
          minmay_quantized, uniq_terence

Skill      XL: |  1  2  3 |
---------------+----------+-----
Shields        | 4 |  4.1
Fighting       | 4 |  4.1
Axes           | 3 |  3.1
Armour         | 4 |  4.1
Dodging        | 1 |  1.1

Action                   || total
-------------------------++-------
Melee: War axe           ||    72
       Headbutt          ||     8
Armor: Scale mail        ||    35
Dodge: Dodged            ||    28
Block: Buckler           ||     6
       Kite shield       ||    11

Table legend: (Time is in decaauts)
 A = Elapsed time spent in this place.
 B = Non-inter-level travel time spent in this place.
 C = Inter-level travel time spent in this place.
 D = Time resting spent in this place.
 E = Time spent auto-exploring this place.
 F = Levels seen in this place.
 G = Mean time per level.
                   A        B        C        D        E       F      G
               +--------+--------+--------+--------+--------+-----+--------+
         Total |   1212 |   1167 |     45 |      0 |    862 |   2 |  606.0 |
       Dungeon |   1212 |   1167 |     45 |      0 |    862 |   2 |  606.0 |
               +--------+--------+--------+--------+--------+-----+--------+

Top non-repeatable levels by time:
     D:1: 660 daAuts
     D:2: 552 daAuts
